 Dungeon Crawl Stone Soup version 0.18-a0-1593-g7a89b71 (webtiles) character file.

124 Herrn the Skirmisher (level 5, 0/28 HPs)
             Began as a Vine Stalker Fighter on Mar 20, 2016.
             Succumbed to an orc priest's poison
             ... on level 3 of the Dungeon.
             The game lasted 00:02:10 (1271 turns).

Herrn the Skirmisher (Vine Stalker Fighter)         Turns: 1271, Time: 00:02:10

Health: 0/28       AC:  6    Str: 18 (19) XL:     5   Next: 8%
Magic:  9/9        EV:  7    Int:  6 (9)  God:
Gold:   117        SH:  9    Dex: 12 (13) Spells: 0 memorised, 8 levels left

rFire  . . .     SeeInvis .     a - +0 war axe
rCold  . . .     Gourm    .     b - +0 scale mail
rNeg   . . .     Faith    .     c - +0 shield
rPois  .         Spirit   +     (no helmet)
rElec  .         Dismiss  .     (no cloak)
rCorr  .         Reflect  .     (no gloves)
SustAt .         Harm     .     (no boots)
MR     .....                    (no amulet)
Stlth  ..........               (no ring)
                                (no ring)

@: lethally poisoned (0 -> -1), invisible, not resistant to hostile
enchantments, extremely unstealthy
A: fangs 2, regeneration 1, magic shield, antimagic bite, no device heal 3, rot
immunity
a: no special abilities


You were on level 3 of the Dungeon.
You were not hungry.

You visited 1 branch of the dungeon, and saw 3 of its levels.

You collected 117 gold pieces.

Inventory:

Hand Weapons
 a - a +0 war axe (weapon)
Armour
 b - a +0 scale mail (worn)
 c - a +0 shield (worn)
Jewellery
 g - a cursed ring of loudness {unknown}
Scrolls
 e - a scroll of identify {unknown}
 j - a scroll of fog {unknown}
 m - a scroll of remove curse {unknown}
 o - a scroll of magic mapping {unknown}
 p - a scroll of random uselessness {unknown}
 r - a scroll of amnesia {unknown}
 s - a scroll of immolation {unknown}
 t - a scroll of fear {unknown}
Potions
 d - a potion of might
 i - a potion of degeneration
 l - a potion of cancellation {unknown}
 n - a potion of flight {unknown}
 q - a potion of agility {unknown}
Comestibles
 f - 4 bread rations
 u - a slice of pizza


   Skills:
 + Level 3.1 Fighting
 + Level 2.2 Axes
 + Level 3.0 Armour
 + Level 1.0 Dodging
 + Level 3.1 Shields
 * Level 2.0 Spellcasting


You had 8 spell levels left.
You didn't know any spells.

Dungeon Overview and Level Annotations

Branches:
Dungeon (3/15)

Altars:
Elyvilon
Vehumet
Xom


Innate Abilities, Weirdness & Mutations

You have extremely sharp teeth.
Your natural rate of healing is unusually fast.
When hurt, damage is shared between your health and your magic reserves.
Your bite disrupts and absorbs the magic of your enemies.
Potions and wands cannot restore your health.
You are immune to rotting.


Message History

You feel sick. The jackal barely misses you.
* * * LOW HITPOINT WARNING * * *
You feel sick.
The jackal bites you but does no damage. x2
The jackal bites you but does no damage.
An orc comes into view.
* * * LOW HITPOINT WARNING * * *
You feel sick.
The jackal bites you but does no damage. x2
You closely miss the jackal.
* * * LOW HITPOINT WARNING * * *
You feel sick.
The jackal bites you but does no damage. x2
You miss the jackal. Your bite misses the jackal.
You feel less invigorated.
You feel less confused. You block the jackal's attack. x2
Drink which item? (? for menu, Esc to quit)
It was a potion of invisibility.
You fade into invisibility!
You die...

#...#.####........(..
#...##...##.........##.
.#.#.##....†.........?..
......####†#...........#
#.#..#. ##..................
..#....##.............#......
..........##..........#......
.oh......###..........#......
....o......#h@...............
o.........o................#
...##....#.........##†....#
#?...............(....#
#..........#####(..##....#
...##.....#..# #....# ..##
$.........###.##....#.......
....#.....# ..#.#.######.###
..........# ......#


You could see an orc and a jackal.

Vanquished Creatures
  An orc priest (D:3)
  Jessica (D:2)
  An adder (D:3)
  An ooze (D:1)
  2 worms
  2 dart slugs (D:1)
  6 giant geckos
  An orc (D:3)
  2 bats (D:2)
  2 giant cockroaches
  4 goblins
  5 hobgoblins
  2 jackals (D:3)
  4 kobolds
  A quokka (D:2)
  4 rats
39 creatures vanquished.

Vanquished Creatures (others)
  A quokka (D:2)
1 creature vanquished.

Grand Total: 40 creatures vanquished

Notes
Turn   | Place    | Note
--------------------------------------------------------------
     0 | D:1      | Herrn the Vine Stalker Fighter began the quest for the Orb.
     0 | D:1      | Reached XP level 1. HP: 11/11 MP: 2/2
   176 | D:1      | Reached XP level 2. HP: 16/16 MP: 3/3
   485 | D:2      | Reached skill level 1 in Spellcasting
   530 | D:2      | Found a radiant altar of Vehumet.
   649 | D:2      | Reached XP level 3. HP: 17/19 MP: 5/5
   691 | D:2      | Found a shimmering altar of Xom.
   791 | D:2      | Found a white marble altar of Elyvilon.
   976 | D:2      | Noticed Jessica
   979 | D:2      | Killed Jessica
   979 | D:2      | Reached XP level 4. HP: 22/24 MP: 7/7
  1260 | D:3      | Reached skill level 1 in Dodging
  1260 | D:3      | Reached XP level 5. HP: 7/28 MP: 6/9
  1268 | D:3      | HP: 1/28 [poisoned by an orc priest]
  1271 | D:3      | Succumbed to an orc priest's poison

Vault maps used:
D:1:      shiori_arrival_elements
D:2:      nicolae_overflow_hidden_temple, lemuel_crystal_altar,
          elyvilon_altar_4, uniq_jessica
D:3:      lemuel_doored_altar, ecumenical_altar_1

Skill      XL: |  1  2  3  4 |
---------------+-------------+-----
Spellcasting   | 1 2 |  2.0
Axes           | 2 |  2.2
Fighting       | 3 |  3.1
Shields        | 3 |  3.1
Armour         | 3 |  3.0
Dodging        | 1 |  1.0

Action                   |  1- 3 |  4- 6 || total
-------------------------+-------+-------++-------
Melee: War axe           |    89 |    39 ||   128
  Use: Potion            |       |     3 ||     3
  Eat: Chunk             |       |     1 ||     1
